 Dungeon Crawl Stone Soup version 0.28-a0-1613-gdaab1c2f9b (webtiles) character file.

Game seed: 2982424585250035878

321 murtidash the Magician (level 6, -3/46 HPs)
             Began as a Djinni Cinder Acolyte on Jan 21, 2022.
             Was a High Priest of Ignis.
             Slain by Faca's ghost (8 damage)
             ... on level 2 of the Dungeon.
             The game lasted 00:04:28 (4224 turns).

murtidash the Magician (Djinni Cinder Acolyte)      Turns: 4224, Time: 00:04:29

Health: -3/46      AC:  3    Str: 13    XL:     6   Next: 76%
Gold:   74         EV: 11    Int: 18    God:    Ignis [*****.] SH:  0 Dex:  8

rFire   + + +      SeeInvis .   b - +2 short sword (venom)
rCold   x . .      Faith    .   (no shield)
rNeg    . . .      Spirit   .   h - +0 robe
rPois   ∞          Reflect  .   (no helmet)
rElec   .          Harm     .   o - +0 cloak
rCorr   .          Rampage  .   (no gloves)
Will    .....                   (boots unavailable)
Stlth   +.........              (no amulet)
HPRegen 0.15/turn               y - ring of protection from fire {rF+, !d}
MPRegen 0.00/turn               (no ring)

@: flying
A: sickness immunity, fire resistance 2, cold vulnerability 1, float, innate
caster, hp casting, extra vitality 1
a: Renounce Religion, Fiery Armour, Foxfire Swarm, Rising Flame


You were on level 2 of the Dungeon.
You worshipped Ignis.
Ignis was extremely pleased with you.
You visited 1 branch of the dungeon, and saw 3 of its levels.

You collected 74 gold pieces.

Inventory:

Hand Weapons
 a - a -1 falchion of flaming
 b - a +2 short sword of venom (weapon)
   (You took it off a kobold on level 1 of the Dungeon)
 k - a +1 dagger of protection
   (You took it off a kobold on level 2 of the Dungeon)
Armour
 h - a +0 robe (worn)
 o - a +0 cloak (worn)
   (You found it on level 2 of the Dungeon)
Magical Staves
 j - a staff of death {rN+}
   (You found it on level 1 of the Dungeon)
Jewellery
 y - a ring of protection from fire (left hand) {rF+, !d}
   (You found it on level 3 of the Dungeon)
Scrolls
 c - a scroll of blinking {unknown}
 d - 3 scrolls of vulnerability {unknown}
 f - a scroll of fear {unknown}
 i - a scroll of noise {unknown}
 m - a scroll of amnesia {unknown}
 r - a scroll of magic mapping {unknown}
 u - a scroll of identify {unknown}
 v - 2 scrolls of enchant weapon {unknown}
Potions
 e - a potion of haste {unknown}
 g - 2 potions of brilliance {unknown}
 l - a potion of might {unknown}
 n - a potion of degeneration {unknown}
 p - a potion of flight {unknown}
 q - a potion of heal wounds {unknown}
 s - a potion of berserk rage {unknown}
 t - 2 potions of resistance {unknown}
 w - a potion of curing {unknown}
 x - 2 potions of mutation {unknown}


   Skills:
 + Level 3.0 Fighting
 - Level 2.6 Long Blades
 * Level 5.4 Spellcasting


You had 10 spell levels left.
You knew the following spells:

 Your Spells              Type           Power      Damage    Failure   Level
a - Scorch                Fire           48%        2d7       1%          2
c - Call Imp              Summ           24%        N/A       1%          2
Z - Sting                 Tmut/Pois      96%        1d7       1%          1
Your spell library was empty.

Dungeon Overview and Level Annotations

Branches:
Dungeon (3/15)

Altars:

Shops:
D:1 !

Annotations:
D:2 Faca's ghost, amateur MfGl
D:3 DrKleor's ghost, amateur DsFi


Innate Abilities, Weirdness & Mutations

You are immune to sickness and miasma.
You are immune to poison.
Your flesh is very heat resistant. (rF++)
You are vulnerable to cold. (rC-)
You float through the air rather than walking.
You learn spells naturally, not from books.
Your magical power is your life essence.
You have superior vitality. (+4 MHP)


Message History

g - 2 yellow potions (gained 1)
Things that are here:
a +0 short sword; a dart slug corpse
There is an open door here.
You see here a rat corpse.
DrKleor's ghost turns its malevolent gaze towards you.
Faca's ghost turns its malevolent gaze towards you.
Faca's ghost shouts, "Very impressive.
But it won't help.
Nothing will."
DrKleor's ghost hits something!
x - 2 bubbling inky potions
Found a stone staircase leading up.
No target in view!
Found a stone staircase leading down.
A kobold comes into view.
It is wielding a +0 club and quivering poisoned darts.
You can't see any susceptible monsters within range! (Use Z to cast anyway.)
The kobold shouts!
The kobold throws a poisoned dart.
The poisoned dart hits you!
The kobold throws a poisoned dart.
The poisoned dart closely misses you.
You see here a ring of protection from fire {rF+, !d}.
You can't see any susceptible monsters within range! (Use Z to cast anyway.)
You can't see any susceptible monsters within range! (Use Z to cast anyway.)
y - a ring of protection from fire {rF+, !d} Flames lash the kobold.
You kill the kobold!
You take 1 damage, and have 45/46 hp.
You can't see any susceptible monsters within range! (Use Z to cast anyway.)
You can't see any susceptible monsters within range! (Use Z to cast anyway.)
y - a ring of protection from fire (left hand) {rF+, !d}
Things that are here:
a +0 club; 2 poisoned darts; a kobold corpse Health restored: 46
There is a stone staircase leading up here.
A goblin comes into view. It is wielding a +0 club.
The goblin shouts!
Flames lash the goblin.
You kill the goblin!
You take 2 damage, and have 44/46 hp.
You can't see any susceptible monsters within range! (Use Z to cast anyway.)
Things that are here:
a +0 club; a goblin corpse; Health restored: 46 You see here 20 arrows.
A rat comes into view.
Flames lash the rat.
You kill the rat!
You take 2 damage, and have 44/46 hp.
You can't see any susceptible monsters within range! (Use Z to cast anyway.)
You can't see any susceptible monsters within range! (Use Z to cast anyway.)
A bat and a dart slug come into view.
Health restored: 46 The dart slug launches a dart at you.
The slug dart hits you.
You take 2 damage, and have 44/46 hp.
Flames lash the bat.
You kill the bat!
You take 2 damage, and have 42/46 hp.
You can't see any susceptible monsters within range! (Use Z to cast anyway.)
You can't see any susceptible monsters within range! (Use Z to cast anyway.) Flames lash the dart slug.
You kill the dart slug!
You take 2 damage, and have 40/46 hp.
You can't see any susceptible monsters within range! (Use Z to cast anyway.)
You can't see any susceptible monsters within range! (Use Z to cast anyway.)
Things that are here:
a +0 club; 2 poisoned darts; a kobold skeleton Faca's ghost turns its malevolent gaze towards you.
DrKleor's ghost screams, "They lied to you.
The Dungeon just goes down and down forever."
You see here 25 stones.
Health restored: 46
Here: DrKleor's ghost, wielding a vampiric weapon (fire blocked by a translucent stone wall)
The floor.
Unknown command.
You reach down and open the gate.
Faca's ghost says, "One skewered Djinni, coming right up."
Faca's ghost screams, "You will never get the ORB!"
There is a stone staircase leading up here.
Faca's ghost closely misses you.
You fly upwards.
There is a stone staircase leading down here.
A beastly little devil appears in a puff of flame.
Faca's ghost hits you.
You take 6 damage, and have 40/46 hp.
Flames lash Faca's ghost.
Faca's ghost's fire resistance burns away.
Faca's ghost hits you.
You take 6 damage, and have 34/46 hp.
Flames lash Faca's ghost.
Faca's ghost is burned terribly!
Faca's ghost hits you!
Your crimson imp misses Faca's ghost.
You take 11 damage, and have 23/46 hp.
MASSIVE DAMAGE!!
Flames lash Faca's ghost.
Faca's ghost is burned terribly!
Faca's ghost barely misses you.
Your crimson imp misses Faca's ghost.
You take 2 damage, and have 21/46 hp.
Flames lash Faca's ghost.
Faca's ghost is burned terribly!
Faca's ghost hits you!
* * * LOW HITPOINT WARNING * * *
Your crimson imp barely misses Faca's ghost.
You take 14 damage, and have 7/46 hp.
MASSIVE DAMAGE!!
Flames lash Faca's ghost but do no damage.
* * * LOW HITPOINT WARNING * * *
Faca's ghost hits you!
You die...

#≈≈≈≈≈# #.# #.#.# #≈≈≈≈≈#
#.# #.#.# #≈≈≈≈## #.# #.#.#
##≈≈≈≈# #.# #.#.# #≈≈≈≈≈#
#.# #.#.#
#≈≈≈≈≈######.###.#.#
#≈≈≈≈#.............#
##≈≈≈≈#.#####.###.#.#
#.≈≈≈≈#.####@..##.#.##
###.≈≈≈≈#....5W......#.##
#...≈≈≈≈≈..###...##.###.#
#.##≈≈≈≈≈.......####.#.†#
#...#≈≈≈≈..###### ##.#.#
###.#≈≈≈≈≈.# #.#.#
#..≈≈≈≈≈.# #†#.#
######.#≈≈≈≈≈# #.#.#
....##.#≈≈≈≈≈##########.#†#


You could see Faca's ghost (combustible, ally target) and a friendly crimson imp
(summoned).

Vanquished Creatures
  Grinder (D:3)
  A water moccasin skeleton (D:3)
  An adder (D:2)
  2 worms (D:2)
  5 dart slugs
  4 endoplasms
  A giant cockroach (D:2)
  2 goblins
  10 hobgoblins
  2 jackals (D:2)
  9 kobolds
  6 ball pythons
  5 bats
  4 frilled lizards
  7 rats
60 creatures vanquished.

Vanquished Creatures (collateral kills)
  A rat (D:3)
1 creature vanquished.

Vanquished Creatures (others)
  3 withered plants (D:3)
3 creatures vanquished.

Grand Total: 64 creatures vanquished

Notes
Turn   | Place    | Note
-------+----------+-------------------------------------------
     0 | D:1      | murtidash the Djinni Cinder Acolyte began the quest for the
                  | Orb.
     0 | D:1      | Reached XP level 1. HP: 20/20 MP: 0/0
    75 | D:1      | Found Owuugon's Distillery.
   793 | D:1      | Reached XP level 2. HP: 19/25 MP: 0/0
   984 | D:1      | Reached skill level 3 in Spellcasting
  1277 | D:1      | Reached XP level 3. HP: 23/30 MP: 0/0
  1277 | D:1      | Learned a level 1 spell: Sting
  1397 | D:1      | Found a faded altar of an unknown god.
  2542 | D:2      | Reached XP level 4. HP: 26/35 MP: 0/0
  3304 | D:3      | Noticed Grinder
  3319 | D:3      | Reached skill level 4 in Spellcasting
  3319 | D:3      | Reached XP level 5. HP: 12/40 MP: 0/0
  3319 | D:3      | Learned a level 2 spell: Call Imp
  3554 | D:3      | Killed Grinder
  3555 | D:3      | Reached skill level 5 in Spellcasting
  3555 | D:3      | Reached XP level 6. HP: 31/46 MP: 0/0
  3877 | D:3      | Found a runed translucent gate.
  3877 | D:3      | Found a runed translucent gate.
  3878 | D:3      | Found a runed translucent gate.
  3885 | D:3      | Noticed DrKleor's ghost (amateur DsFi)
  3885 | D:3      | Noticed Faca's ghost (amateur MfGl)
  4223 | D:2      | HP: 7/46 [Faca's ghost (13)]
  4224 | D:2      | Slain by Faca's ghost

Illustrated notes

Levels and vault maps discovered:
D:1:      matt_arrival_spirals, layout_basic, nicolae_ecumenical_snake_handling,
          serial_shops, shop, kennysheep_small_spiral, minmay_vboxes
D:2:      wander_river, layout_loops_ring
D:3:      minmay_wonky_spiral, layout_rooms, gammafunk_ghost_cemetery,
          uniq_grinder

Skill      XL: |  1  2  3  4  5 |
---------------+----------------+-----
Spellcasting   | 3 4 5 |  5.4
Fighting       | |  3.0
Long Blades    | |  2.6

Action                   |  1- 3 |  4- 6 || total
-------------------------+-------+-------++-------
Melee: Falchion          |    33 |       ||    33
 Cast: Scorch            |    37 |    47 ||    84
       Call Imp          |       |     2 ||     2
Armor: Robe              |     8 |     2 ||    10
Dodge: Dodged            |    25 |    12 ||    37

Table legend: (Time is in decaauts)
 A = Elapsed time spent in this place.
 B = Non-inter-level travel time spent in this place.
 C = Inter-level travel time spent in this place.
 D = Time resting spent in this place.
 E = Time spent auto-exploring this place.
 F = Levels seen in this place.
 G = Mean time per level.
                   A        B        C        D        E       F      G
               +--------+--------+--------+--------+--------+-----+--------+
         Total |   4229 |   4151 |     78 |    208 |   3541 |   3 | 1409.7 |
       Dungeon |   4229 |   4151 |     78 |    208 |   3541 |   3 | 1409.7 |
               +--------+--------+--------+--------+--------+-----+--------+

Top non-repeatable levels by time:
     D:1: 2140 daAuts
     D:2: 1326 daAuts
     D:3: 762 daAuts

Table legend:
 A = Kills in this place as a percentage of kills in entire the game.
 B = Kills by you in this place as a percentage of kills by you in the entire game.
 C = Kills by friends in this place as a percentage of kills by friends in the entire game.
 D = Other kills in this place as a percentage of other kills in the entire game.
 E = Experience gained in this place as a percentage of experience gained in the entire game.
 F = Experience gained in this place divided by the number of levels of this place that you have seen.
                   A       B       C       D       E      F
               +-------+-------+-------+-------+-------+----------------------
         Total | 100.0 | 100.0 | 100.0 |   N/A | 100.0 | 153.0
       Dungeon | 100.0 | 100.0 | 100.0 |   N/A | 100.0 | 153.0
               +-------+-------+-------+-------+-------+----------------------
